Cogmind - Beta 10.1 @@@ ROGUE MODE // 2021.06.13 @ 10:57:27 // Winter2019/RPGLIKE Player: Farfid Result: Destroyed by Lightning with EMDS Performance ------------- Evolutions (4) 2000 Regions Visited (15) 3000 Robots Destroyed (244) 1220 Value Destroyed (10571) 10571 Prototype IDs (22) 440 Alien Tech Used (0) 0 Bonus (6469) 6469 TOTAL SCORE: 23700 Bonus ------- High Alert Combat Kills 2176 Follower Combat Kills 1754 Entered Garrisons 600 Used RIF Installer 1500 Network Hubs Disabled 200 Built Enhanced Grunts 300 A7 Reached Mainframe 300 Met R17 at Cetus 500 Friendly Fire -861 Cogmind --------- Core Integrity 0/1000 Matter 270/300 Energy 655/850 System Corruption 6% Temperature Cool (0) Movement Hovering (52) Location -6/Hub_04(d) Parts ------- > --- POWER (2) -------- Quantum Reactor > --- PROPULSION (4) --- Improved Gravmag System Improved Gravmag System Antigrav Array > --- UTILITY (8) ------ Energy Well Advanced Signal Interpreter Improved Terrain Scanner Energy Filter Improved Particle Charger Improved Weapon Cycler EM Shield Dynamic Insulation System > --- WEAPON (4) ------- Cooled Particle Cannon Cooled Particle Cannon Proton Missile Launcher Segregator > --- INVENTORY (5) ---- Protomatter-76 Improved Remote Shield Peak State ------------ > --- POWER ------------ Quantum Reactor Quantum Reactor > --- PROPULSION ------- Improved Gravmag System Improved Gravmag System Antigrav Array > --- UTILITY ---------- Energy Well Advanced Signal Interpreter Improved Terrain Scanner Energy Filter Improved Particle Charger Improved Weapon Cycler EM Shield Dynamic Insulation System > --- WEAPON ----------- Cooled Particle Cannon Cooled Particle Cannon Proton Missile Launcher Segregator > --- INVENTORY -------- Protomatter Improved Remote Shield [Rating: 97] Favorites ----------- Power Cooled Ion Engine Engine Cooled Ion Engine Power Core Light Fission Core Reactor Light Antimatter Reactor Propulsion Gravmag System Wheel Wheel Hover Unit Gravmag System Utility Advanced Signal Interpreter Device Improved Weapon Cycler Storage Energy Well Processor Advanced Signal Interpreter Protection Improved Medium Armor Plating Weapon Cooled Particle Cannon Energy Gun Improved Spread Laser Energy Cannon Cooled Particle Cannon Ballistic Gun Assault Rifle Launcher Proton Missile Launcher Slashing Weapon Segregator Build | -11 -10 -10 -10 -9 -8 -7 -7 -7 -7 -6 -6 -6 -6 -6 -6 ------- Run | Scr Mat Min Exi Min Mat Fac Gar Fac Gar Fac Gar Ext Cet Arc Hub Slots Evolved 14 | 3 . . 1 . 2 1 . 1 1 1 1 2 . . 1 Power 1 | . . . . . . . . . . . . 1 . . . Propulsion 3 | 1 . . . . . 1 . 1 . . . . . . . Utility 7 | 1 . . 1 . 1 . . . 1 1 1 1 . . . Weapon 3 | 1 . . . . 1 . . . . . . . . . 1 Parts Attached 94 | 5 2 1 . 3 21 5 1 7 8 12 4 9 10 1 5 Power 14 | 1 . . . . 3 . . . 2 1 1 1 1 . 4 Engine 7 | 1 . . . . 3 . . . 1 . . 1 . . 1 Core 4 | . . . . . . . . . 1 1 . . . . 2 Reactor 3 | . . . . . . . . . . . 1 . 1 . 1 Propulsion 14 | 2 . . . . 2 1 . 3 2 3 . . 1 . . Treads . | . . . . . . . . . . . . . . . . Leg . | . . . . . . . . . . . . . . . . Wheel 6 | 2 . . . . 2 1 . 1 . . . . . . . Hover 8 | . . . . . . . . 2 2 3 . . 1 . . Flight . | . . . . . . . . . . . . . . . . Utility 31 | . 1 1 . 2 6 1 1 . 4 4 3 2 5 1 . Device 22 | . 1 1 . 1 2 . 1 . 4 2 2 2 5 1 . Storage 1 | . . . . . . . . . . . 1 . . . . Processor 3 | . . . . . 2 . . . . 1 . . . . . Hackware . | . . . . . . . . . . . . . . . . Protection 5 | . . . . 1 2 1 . . . 1 . . . . . Artifact . | . . . . . . . . . . . . . . . . Weapon 35 | 2 1 . . 1 10 3 . 4 . 4 . 6 3 . 1 Energy Gun 9 | . . . . . 5 2 . 1 . . . . 1 . . Energy Cannon 17 | . 1 . . . 5 1 . 3 . 3 . 3 1 . . Ballistic Gun 3 | 2 . . . 1 . . . . . . . . . . . Ballistic Cannon . | . . . . . . . . . . . . . . . . Launcher 4 | . . . . . . . . . . 1 . 2 1 . . Special Weapon . | . . . . . . . . . . . . . . . . Impact Weapon . | . . . . . . . . . . . . . . . . Slashing Weapon 2 | . . . . . . . . . . . . 1 . . 1 Piercing Weapon . | . . . . . . . . . . . . . . . . Special Melee Weapon . | . . . . . . . . . . . . . . . . Unidentified Prototypes 14 | . . 1 . . 5 1 . 3 . 3 . . 1 . . Parts Lost 4 | . . . . . . . . . . . . . . . 4 Power 4 | . . . . . . . . . . . . . . . 4 Propulsion . | . . . . . . . . . . . . . . . . Utility . | . . . . . . . . . . . . . . . . Weapon . | . . . . . . . . . . . . . . . . Highest Loss Streak 4 | . . . . . . . . . . . . . . . 4 Average Slot Usage (%) 97 | . 85 94 96 89 99 92 99 99 99 99 100 99 97 94 93 Engine 6 | . 14 14 13 12 10 9 9 8 7 . . 1 5 5 4 Reactor 1 | . . . . . . . . . . . 4 5 5 5 5 Wheel 14 | . 28 28 27 25 21 19 27 25 11 1 . . . . . Hover 10 | . . . . . . . . 5 19 27 27 24 20 17 16 Device 17 | . 14 22 27 24 13 9 8 8 10 19 20 24 29 32 33 Storage 1 | . . . . . . . . . . . 2 5 5 5 5 Processor 12 | . . . . . 18 18 18 16 15 14 13 12 11 7 5 Protection 6 | . . . . 2 10 9 9 8 7 6 6 3 . . . Energy Gun 2 | . . . . . 7 . 9 5 . . . . . . . Energy Cannon 18 | . 7 14 13 12 16 26 18 19 24 21 20 18 14 11 11 Ballistic Gun 1 | . 20 14 13 12 . . . . . . . . . . . Naked Turns . | . . . . . . . . . . . . . . . . Heaviest Build 68 | 7 9 10 10 17 25 28 28 37 38 40 53 54 59 61 68 Greatest Support 74 | 31 31 31 31 31 31 43 43 43 43 55 55 55 74 74 74 Greatest Overweight (x) 1 | . . . . . 1 1 . . 1 . . . . . . Average Overweight (x) . | . . . . . . . . . . . . . . . . Largest Inventory Capacity 5 | 1 1 1 1 1 3 3 3 4 4 5 5 5 5 5 5 Average Capacity 3 | 1 1 1 1 1 2 3 3 3 4 4 5 5 5 5 5 Most Carried 5 | . . 1 1 1 3 3 3 4 4 5 5 5 5 5 5 Average Carried 3 | . . . 1 1 2 2 2 3 3 4 4 4 4 4 4 Final Capacity 5 | 1 1 1 1 1 3 3 3 4 4 5 5 5 5 5 5 Final Carried 5 | . . 1 1 1 2 3 3 4 4 5 5 5 5 5 2 Class Distribution -------------------- 50% | Gunner 29% | Mutant 11% | Scavenger-Scout 3% | Tank Dominant Class ---------------- Mutant | -10/Materials Mutant | -10/Mines Mutant | -10/Exiles Mutant | -9/Mines Mutant | -8/Materials Gunner | -7/Factory Gunner | -7/Garrison Gunner | -7/Factory Gunner | -7/Garrison Gunner | -6/Factory Gunner | -6/Garrison Gunner | -6/Extension Scavenger-Scout | -6/Cetus Commander-Scout | -6/Archives Scavenger-Scout | -6/Hub_04(d) Resources | -11 -10 -10 -10 -9 -8 -7 -7 -7 -7 -6 -6 -6 -6 -6 -6 ----------- Run | Scr Mat Min Exi Min Mat Fac Gar Fac Gar Fac Gar Ext Cet Arc Hub Matter Collected 1354 | 249 24 58 . 113 250 50 10 70 60 140 40 115 115 . 60 Remotely 475 | . 24 58 . 113 230 50 . . . . . . . . . Salvage Created 9684 | . 43 122 . 147 1711 219 607 543 756 772 1687 1750 644 113 570 Parts 516 | . 1 15 . 11 99 21 32 37 47 49 61 68 27 7 41 Haulers Intercepted 15 | . 1 . . . 5 1 . 2 . 2 . 3 . . 1 Recyclers Shooed 2 | . . . . . . . . . . 2 . . . . . Parts Field Recycled . | . . . . . . . . . . . . . . . . Retrieved Matter . | . . . . . . . . . . . . . . . . Parts Self-Destructed . | . . . . . . . . . . . . . . . . Prevented . | . . . . . . . . . . . . . . . . Kills | -11 -10 -10 -10 -9 -8 -7 -7 -7 -7 -6 -6 -6 -6 -6 -6 ------- Run | Scr Mat Min Exi Min Mat Fac Gar Fac Gar Fac Gar Ext Cet Arc Hub Combat Hostiles Destroyed 181 | . . 7 . 9 33 3 19 10 21 11 34 14 9 2 9 Guns 30 | . . 2 . 5 11 . 10 2 . . . . . . . Cannons 137 | . . 5 . 4 20 3 8 8 21 11 33 10 4 2 8 AOE 6 | . . . . . . . . . . . . 2 4 . . Classes Destroyed 17 | . 1 3 . 3 5 2 1 . . . 1 . . . 1 Worker 8 | . . . . . 1 . . 2 . 1 . 1 . . 3 Builder 6 | . . . . . 2 1 . 1 . . . 1 . . 1 Tunneler 11 | . . . . 1 1 . . . . 1 . 8 . . . Hauler 15 | . 1 . . . 5 1 . 2 . 2 . 3 . . 1 Recycler 8 | . . 1 . . 4 1 . . . . . 2 . . . Operator 1 | . . . . . . . . . . . . . . . 1 Watcher 12 | . . . . . 2 . . 1 . 5 . 1 1 . 2 Swarmer 53 | . . 3 . 2 11 . 2 3 11 7 7 . 4 . 3 Grunt 71 | . . 4 . 2 13 . 15 3 3 2 19 8 2 . . Brawler 6 | . . . . 1 . . 1 1 . . 3 . . . . Duelist 5 | . . . . . . . 1 1 . . 1 1 1 . . Sentry 25 | . . . . . 8 . . 1 6 . 2 3 . 2 3 Demolisher 1 | . . . . . . 1 . . . . . . . . . Hunter 4 | . . . . . 1 . . . . 1 . 1 . . 1 Programmer 5 | . . . . . . 2 . 1 1 1 . . . . . Behemoth 3 | . . . . . . . . . . . 2 1 . . . Cetus Guard 2 | . . . . . . . . . . . . . 2 . . Lightning 2 | . . . . . . . . . . . . . . . 2 Assembled 4 | . . . . 4 . . . . . . . . . . . Guerrilla 1 | . . . . . . . . . . . . 1 . . . Best Kill Streak 13 | . 1 3 . 3 13 1 3 4 5 4 5 8 7 2 6 Combat Bots Only 7 | . . 2 . 3 7 1 3 3 5 4 5 4 7 2 4 Max Kills in Single Turn 4 | . 1 1 . 1 2 1 2 2 1 2 2 3 4 1 2 Gunslinging . | . . . . . . . . . . . . . . . . Exploded 3 | . . . . . . . . . . . . 2 3 . . Melee . | . . . . . . . . . . . . . . . . Uniques/NPCs Destroyed 1 | . . . . . . . . . . . . . 1 . . Revision 17 (-6/Cetus) Combat | -11 -10 -10 -10 -9 -8 -7 -7 -7 -7 -6 -6 -6 -6 -6 -6 -------- Run | Scr Mat Min Exi Min Mat Fac Gar Fac Gar Fac Gar Ext Cet Arc Hub Damage Taken 6993 | . . 306 . 169 1217 232 786 187 645 216 1163 326 75 . 1671 Core 5127 | . . 241 . 116 878 166 513 131 442 152 827 240 58 . 1363 Absorbed by Shields 334 | . . . . . . . 27 . . . 90 142 40 . 35 Redirected to Core 4260 | . . 207 . 100 662 126 486 126 328 141 711 215 58 . 1100 Core Remaining (%) 97 | 100 . . . 100 90 . . . 100 . . . . . . Volleys Fired 589 | . 1 16 . 31 114 15 73 31 47 39 108 54 10 4 46 Largest 3 | . 2 2 . 2 3 3 3 3 3 3 3 3 3 2 2 Hottest 211 | . 80 80 . 88 204 204 211 211 90 90 90 99 90 60 180 Shots Fired 1450 | . 2 32 . 62 242 43 201 85 123 100 292 154 22 8 84 Gun 235 | . 1 16 . 31 97 1 68 21 . . . . . . . Cannon 1201 | . 1 16 . 31 145 42 133 64 123 100 292 149 19 8 78 Launcher 14 | . . . . . . . . . . . . 5 3 . 6 Special . | . . . . . . . . . . . . . . . . Kinetic 48 | . 1 16 . 31 . . . . . . . . . . . Thermal 1387 | . 1 16 . 31 242 42 201 85 123 100 292 149 19 8 78 Explosive . | . . . . . . . . . . . . . . . . Electromagnetic 15 | . . . . . . 1 . . . . . 5 3 . 6 Robot Hit Streak 38 | . 1 8 . 9 18 5 29 38 14 20 37 27 8 15 21 Robot Miss Streak 6 | . . 2 . 6 3 3 4 2 2 2 5 2 1 . 1 Penetration Max . | . . . . . . . . . . . . . . . . Secondary Targets . | . . . . . . . . . . . . . . . . Shots Hit Robots 940 | . 1 21 . 44 171 21 108 53 61 54 207 118 11 7 63 Core Hits 449 | . 1 11 . 21 66 7 80 47 30 25 65 50 15 4 27 Critical Hits 25 | . . . . . 13 2 3 3 . . 1 . . . 3 Critical Kills 9 | . . . . . 4 2 1 . . . . . . . 2 Critical Parts Destroyed 14 | . . . . . 9 . 1 3 . . . . . . 1 Melee Attacks 5 | . . . . . . . . . . . . . . . 5 Thermal 5 | . . . . . . . . . . . . . . . 5 Impact . | . . . . . . . . . . . . . . . . Slashing . | . . . . . . . . . . . . . . . . Piercing . | . . . . . . . . . . . . . . . . Sneak Attacks . | . . . . . . . . . . . . . . . . Combat Hostiles . | . . . . . . . . . . . . . . . . Follow-up Attacks . | . . . . . . . . . . . . . . . . Damage Inflicted 26536 | . 18 329 . 719 3461 284 2012 1283 1686 1506 6823 4667 754 234 2760 Guns 3458 | . . 83 . 301 1490 . 1023 561 . . . . . . . Cannons 21979 | . 18 246 . 418 1971 284 989 722 1686 1506 6823 4134 398 234 2550 Explosions 1099 | . . . . . . . . . . . . 533 356 . 210 Melee . | . . . . . . . . . . . . . . . . Ramming . | . . . . . . . . . . . . . . . . Kinetic 384 | . . 83 . 301 . . . . . . . . . . . Thermal 25166 | . 18 246 . 418 3461 284 2012 1283 1686 1506 6823 4247 398 234 2550 Explosive . | . . . . . . . . . . . . . . . . Electromagnetic 986 | . . . . . . . . . . . . 420 356 . 210 Impact . | . . . . . . . . . . . . . . . . Slashing . | . . . . . . . . . . . . . . . . Piercing . | . . . . . . . . . . . . . . . . Highest Corruption 5 | . . . . . . 2 2 2 2 . . . . . 5 Average Corruption 2 | . . . . . . 1 2 2 2 . . . . . 2 Corruption Purged . | . . . . . . . . . . . . . . . . Effects 43 | . . . . . . 5 19 9 9 . . . . . 1 Message Errors 12 | . . . . . . 1 5 5 . . . . . . 1 Heat Flow Errors 4 | . . . . . . . 2 1 1 . . . . . . Energy Discharges 1 | . . . . . . . . . 1 . . . . . . Data Loss (minor) 10 | . . . . . . 1 4 1 4 . . . . . . Targeting Errors 15 | . . . . . . 3 7 2 3 . . . . . . Weapon Failures 1 | . . . . . . . 1 . . . . . . . . Overload Shots 19 | . . . . . . . . . . 3 . . . . 16 Overflow Damage 465 | . . . . . 31 7 . 5 14 51 135 132 . . 90 Projectiles 465 | . . . . . 31 7 . 5 14 51 135 132 . . 90 Explosions . | . . . . . . . . . . . . . . . . Melee . | . . . . . . . . . . . . . . . . Knockbacks . | . . . . . . . . . . . . . . . . Impact . | . . . . . . . . . . . . . . . . Kinetic . | . . . . . . . . . . . . . . . . Secondary . | . . . . . . . . . . . . . . . . Self-Inflicted Damage 24 | . . . . . . 22 . . . . . 2 . . . Shots 2 | . . . . . . 1 . . . . . 1 . . . Rammed . | . . . . . . . . . . . . . . . . Targets Rammed . | . . . . . . . . . . . . . . . . Kicked . | . . . . . . . . . . . . . . . . Crushed . | . . . . . . . . . . . . . . . . Highest Temperature 266 | . . 99 . 63 48 12 266 167 202 19 3 3 . . 254 Average Temperature 45 | . . 50 . 30 13 7 56 62 131 19 3 3 . . 110 Received Heat Transfer 1750 | . . 135 . 88 477 90 276 66 150 36 294 74 . . 64 Effects 2 | . . . . . . . 2 . . . . . . . . Interference 2 | . . . . . . . 2 . . . . . . . . Siege Activations . | . . . . . . . . . . . . . . . . Robots Corrupted 4 | . . . . . . . . . . . . 2 1 . 1 Combat Hostiles 4 | . . . . . . . . . . . . 2 1 . 1 Parts Fried 9 | . . . . . . . . . . . . 4 2 . 3 Impact Corruptions . | . . . . . . . . . . . . . . . . Robots Melted 5 | . . . . . 2 . 1 . . . 1 1 . . . Combat Hostiles 4 | . . . . . 2 . 1 . . . 1 . . . . Parts Melted 46 | . . . . 2 12 2 1 1 2 2 12 8 1 . 3 Heat Transferred 32249 | . 37 518 . 888 6438 444 2621 1681 2294 2035 7652 4638 444 259 2300 Parts Sabotaged . | . . . . . . . . . . . . . . . . Parts Stolen . | . . . . . . . . . . . . . . . . Parts Stripped . | . . . . . . . . . . . . . . . . Power Chain Reactions 1 | . . . . . . . . . . . . 1 . . . Missiles Intercepted . | . . . . . . . . . . . . . . . . Alert | -11 -10 -10 -10 -9 -8 -7 -7 -7 -7 -6 -6 -6 -6 -6 -6 ------- Run | Scr Mat Min Exi Min Mat Fac Gar Fac Gar Fac Gar Ext Cet Arc Hub Peak Influence 1332 | . 30 158 . 70 387 307 1061 628 815 720 1332 1192 1070 510 949 Initial 699 | . . 11 . . 27 175 214 556 175 427 504 699 583 428 178 Average 499 | . 6 77 . 10 167 159 779 431 517 612 1012 918 803 495 462 Maximum Alert Level 4 | . . . . . 1 1 3 2 3 3 4 4 3 2 3 Low Security (%) 29 | 100 100 100 . 100 57 75 . . 6 . . . . . 9 Level 1 18 | . . . . . 42 24 9 50 23 . . . . . 44 Level 2 21 | . . . . . . . 28 49 49 77 19 7 29 100 21 Level 3 21 | . . . . . . . 61 . 20 22 28 70 70 . 24 Level 4 8 | . . . . . . . . . . . 51 22 . . . Level 5 . | . . . . . . . . . . . . . . . . High Security . | . . . . . . . . . . . . . . . . Max Security . | . . . . . . . . . . . . . . . . Squads Dispatched 24 | . . . . . 3 4 . 4 . 5 . 2 . . 6 Investigation 3 | . . . . . . . . 2 . 1 . . . . . Extermination 4 | . . . . . . 2 . 1 . 1 . . . . . Reinforcement 11 | . . . . . 3 1 . 1 . 1 . 1 . . 4 Assault 2 | . . . . . . . . . . 1 . 1 . . . Garrison 4 | . . . . . . 1 . . . 1 . . . . 2 Intercept . | . . . . . . . . . . . . . . . . Construction Impeded 2 | . . . . . . . . . . . . 1 . . 1 Haulers Reinforced 2 | . . . . . . . . 1 . 1 . . . . . Stealth | -11 -10 -10 -10 -9 -8 -7 -7 -7 -7 -6 -6 -6 -6 -6 -6 --------- Run | Scr Mat Min Exi Min Mat Fac Gar Fac Gar Fac Gar Ext Cet Arc Hub Distress Signals 13 | . . . . 1 5 . . 1 . . . 2 2 . 2 Communications Jammed . | . . . . . . . . . . . . . . . . Distress Signals . | . . . . . . . . . . . . . . . . Times Spotted 295 | . 1 10 . 9 63 9 29 12 23 19 48 25 14 3 30 Peak Tracking Total 8 | . 1 3 . 6 8 3 6 3 5 4 5 5 5 2 8 Tactical Retreats 22 | . . . . 1 3 . 1 . 2 1 12 1 1 . . Traps | -11 -10 -10 -10 -9 -8 -7 -7 -7 -7 -6 -6 -6 -6 -6 -6 ------- Run | Scr Mat Min Exi Min Mat Fac Gar Fac Gar Fac Gar Ext Cet Arc Hub Traps Triggered 26 | . . . . . 2 1 7 1 1 1 11 1 . . 1 Indirectly . | . . . . . . . . . . . . . . . . Trap Hack Attempts . | . . . . . . . . . . . . . . . . Triggered . | . . . . . . . . . . . . . . . . Disarmed . | . . . . . . . . . . . . . . . . Reprogrammed . | . . . . . . . . . . . . . . . . Reused . | . . . . . . . . . . . . . . . . Traps Extracted . | . . . . . . . . . . . . . . . . Installed . | . . . . . . . . . . . . . . . . Triggered . | . . . . . . . . . . . . . . . . Machines | -11 -10 -10 -10 -9 -8 -7 -7 -7 -7 -6 -6 -6 -6 -6 -6 ---------- Run | Scr Mat Min Exi Min Mat Fac Gar Fac Gar Fac Gar Ext Cet Arc Hub Machines Disabled 35 | . . . . . 4 2 3 2 5 2 10 1 1 . 5 Max in Single Turn 1 | . . . . . 1 1 1 1 1 1 1 . 1 . 1 Garrison Relay 10 | . . . . . . . 3 . 2 . 5 . . . . Network Hub 1 | . . . . . . . . . . . . . . . 1 Machines Sabotaged . | . . . . . . . . . . . . . . . . Garrisons Compromised . | . . . . . . . . . . . . . . . . Overloaded Fab Kills . | . . . . . . . . . . . . . . . . Fab Network Shutdowns . | . . . . . . . . . . . . . . . . Hacking | -11 -10 -10 -10 -9 -8 -7 -7 -7 -7 -6 -6 -6 -6 -6 -6 --------- Run | Scr Mat Min Exi Min Mat Fac Gar Fac Gar Fac Gar Ext Cet Arc Hub Machines Accessed 47 | . 1 . 1 1 6 4 . 8 . 5 . 12 1 . 8 Terminals 36 | . 1 . . . 6 1 . 6 . 3 . 12 1 . 6 Fabricators 2 | . . . . . . 1 . . . 1 . . . . . Repair Stations . | . . . . . . . . . . . . . . . . Recycling Units . | . . . . . . . . . . . . . . . . Scanalyzers 2 | . . . . . . 1 . 1 . . . . . . . Garrison Access 5 | . . . . . . 1 . 1 . 1 . . . . 2 Total Hacks 115 | . 2 . 1 1 19 4 . 17 . 11 . 36 1 . 23 Successful 55 | . 1 . 1 1 11 2 . 7 . 2 . 22 1 . 7 Failed 59 | . 1 . . . 8 2 . 10 . 9 . 13 . . 16 Catastrophic 12 | . . . . . 1 1 . 3 . 4 . 2 . . 1 Database Lockouts 1 | . . . . . . . . . . . . 1 . . . Manual 49 | . 2 . . . 4 . . 8 . 7 . 17 1 1 9 Terminals 99 | . 2 . . . 19 1 . 14 . 7 . 36 1 . 19 Fabricators 4 | . . . . . . 1 . . . 3 . . . . . Repair Stations . | . . . . . . . . . . . . . . . . Recycling Units . | . . . . . . . . . . . . . . . . Scanalyzers 3 | . . . . . . 1 . 2 . . . . . . . Garrison Access 7 | . . . . . . 1 . 1 . 1 . . . . 4 Terminal Hacks 32 | . 1 . 1 1 9 . . 2 . . . 12 1 . 5 Record 1 | . . . 1 . . . . . . . . . . . . Part Schematic 4 | . . . . . . . . . . . . 2 . . 2 Prototype ID Bank 3 | . . . . . 1 . . . . . . 1 . . 1 Open Door 11 | . . . . 1 . . . . . . . 9 1 . . Branch Access Points 1 | . 1 . . . . . . . . . . . . . . Emergency Access Points 2 | . . . . . 1 . . . . . . . . . 1 Terminal Index 1 | . . . . . 1 . . . . . . . . . . Alert Level 1 | . . . . . 1 . . . . . . . . . . Unreport Threat 6 | . . . . . 3 . . 2 . . . . . . 1 Locate Traps 1 | . . . . . 1 . . . . . . . . . . Hauler Manifests 1 | . . . . . 1 . . . . . . . . . . Fabricator Hacks 2 | . . . . . . 1 . . . 1 . . . . . Build 2 | . . . . . . 1 . . . 1 . . . . . Repair Station Hacks . | . . . . . . . . . . . . . . . . Recycling Unit Hacks . | . . . . . . . . . . . . . . . . Scanalyzer 1 | . . . . . . . . 1 . . . . . . . Insert Component 1 | . . . . . . . . 1 . . . . . . . Garrison Access Hacks 4 | . . . . . . 1 . 1 . 1 . . . . 1 Unlock Access 4 | . . . . . . 1 . 1 . 1 . . . . 1 Unauthorized Hacks 16 | . . . . . 2 . . 3 . . . 10 . . 1 Terminals 16 | . . . . . 2 . . 3 . . . 10 . . 1 Track 4 | . . . . . . . . . . . . 3 . . 1 Assimilate 1 | . . . . . . . . . . . . 1 . . . Botnet 9 | . . . . . 2 . . 3 . . . 4 . . . Detonate 1 | . . . . . . . . . . . . 1 . . . Disrupt 1 | . . . . . . . . . . . . 1 . . . Fabricators . | . . . . . . . . . . . . . . . . Repair Stations . | . . . . . . . . . . . . . . . . Recycling Units . | . . . . . . . . . . . . . . . . Scanalyzers . | . . . . . . . . . . . . . . . . Garrison Access . | . . . . . . . . . . . . . . . . Data Cores Recovered . | . . . . . . . . . . . . . . . . Used . | . . . . . . . . . . . . . . . . Hacking Detections 38 | . 1 . . . 6 3 . 8 . 3 . 9 . . 8 Full Trace Events 3 | . . . . . . . . 2 . 1 . . . . . Feedback Events . | . . . . . . . . . . . . . . . . Feedback Blocked . | . . . . . . . . . . . . . . . . Robot Schematics Acquired . | . . . . . . . . . . . . . . . . Robots Built . | . . . . . . . . . . . . . . . . Matter . | . . . . . . . . . . . . . . . . Time . | . . . . . . . . . . . . . . . . Total Robot Build Rating . | . . . . . . . . . . . . . . . . Part Schematics Acquired 4 | . . . . . . . . . . . . 2 . . 2 Parts Built 4 | . . . . . . 2 . . . 2 . . . . . Matter 380 | . . . . . . 168 . . . 212 . . . . . Time 137 | . . . . . . 84 . . . 53 . . . . . Total Part Build Rating 20 | . . . . . . 8 . . . 12 . . . . . Parts Repaired . | . . . . . . . . . . . . . . . . Time . | . . . . . . . . . . . . . . . . Parts Recycled . | . . . . . . . . . . . . . . . . Recycled Matter . | . . . . . . . . . . . . . . . . Retrieved Matter . | . . . . . . . . . . . . . . . . Retrieved Components . | . . . . . . . . . . . . . . . . Parts Scanalyzed 1 | . . . . . . . . 1 . . . . . . . Part Schematics Acquired . | . . . . . . . . . . . . . . . . Parts Damaged . | . . . . . . . . . . . . . . . . Bothacking | -11 -10 -10 -10 -9 -8 -7 -7 -7 -7 -6 -6 -6 -6 -6 -6 ------------ Run | Scr Mat Min Exi Min Mat Fac Gar Fac Gar Fac Gar Ext Cet Arc Hub Used RIF Installer 3 | . . . . . . . 1 . 1 . 1 . . . . Threat Obfuscator 1 | . . . . . . . . . . . 1 . . . . Robot Detection 1 | . . . . . . . . . 1 . . . . . . Robots Hacked . | . . . . . . . . . . . . . . . . Non-combat . | . . . . . . . . . . . . . . . . Combat . | . . . . . . . . . . . . . . . . Robot Hacks Applied . | . . . . . . . . . . . . . . . . Relay Couplers Released 15 | . . . . . . . 4 . 3 . 8 . . . . Machine Destruction 15 | . . . . . . . 4 . 3 . 8 . . . . Robots Rewired . | . . . . . . . . . . . . . . . . Allies Hacked . | . . . . . . . . . . . . . . . . Hacks Repelled . | . . . . . . . . . . . . . . . . Allies | -11 -10 -10 -10 -9 -8 -7 -7 -7 -7 -6 -6 -6 -6 -6 -6 -------- Run | Scr Mat Min Exi Min Mat Fac Gar Fac Gar Fac Gar Ext Cet Arc Hub Total Allies 29 | . . 5 . . . 3 . . . . . 16 5 . . Largest Group 15 | . . 5 5 3 . 3 3 . . . . 13 15 15 13 Highest-Rated Group 742 | . . 85 85 40 . 93 93 . . . . 478 742 742 690 Highest-Rated Ally 156 | . . 31 31 16 . 31 31 . . . . 156 150 94 94 Total Orders . | . . . . . . . . . . . . . . . . Ally Attacks 373 | . . 7 . 14 . 30 76 . . . . 79 71 17 79 Total Damage 7672 | . . 78 . 155 . 567 1142 . . . . 1670 1220 439 2401 Kills 60 | . . 3 . 3 . 6 9 . . . . 11 8 2 18 Allies Corrupted 5 | . . . . . . . . . . . . . . . 5 Allies Melted . | . . . . . . . . . . . . . . . . Intel | -11 -10 -10 -10 -9 -8 -7 -7 -7 -7 -6 -6 -6 -6 -6 -6 ------- Run | Scr Mat Min Exi Min Mat Fac Gar Fac Gar Fac Gar Ext Cet Arc Hub Robot Analysis Total . | . . . . . . . . . . . . . . . . Derelict Logs Recovered 3 | . . 2 . 1 . . . . . . . . . . . Drone Launches . | . . . . . . . . . . . . . . . . Drone Recoveries . | . . . . . . . . . . . . . . . . Exploration | -11 -10 -10 -10 -9 -8 -7 -7 -7 -7 -6 -6 -6 -6 -6 -6 ------------- Run | Scr Mat Min Exi Min Mat Fac Gar Fac Gar Fac Gar Ext Cet Arc Hub Turns Passed 9422 | 40 97 624 153 464 1526 718 844 809 535 720 1256 804 234 77 521 Spaces Moved 8216 | 40 101 563 141 361 1025 548 574 711 463 973 1206 719 163 70 558 Core 7 | 7 . . . . . . . . . . . . . . . Treads . | . . . . . . . . . . . . . . . . Legs . | . . . . . . . . . . . . . . . . Wheels 4159 | 33 101 563 141 361 1025 548 574 711 102 . . . . . . Hover 4050 | . . . . . . . . . 361 973 1206 719 163 70 558 Flight . | . . . . . . . . . . . . . . . . Fastest Speed 48 | 50 90 90 90 90 85 85 90 90 57 48 48 48 48 52 52 Average Speed 69 | 82 90 90 90 90 87 88 90 90 64 49 48 48 49 52 52 Slowest Speed 126 | 90 90 90 90 90 90 95 90 95 126 57 48 48 52 52 52 Overloaded Moves . | . . . . . . . . . . . . . . . . Propulsion Burnouts . | . . . . . . . . . . . . . . . . Robots Hopped . | . . . . . . . . . . . . . . . . Cave-ins Triggered . | . . . . . . . . . . . . . . . . Exploration Rate (%) 57 | 4 27 85 48 76 89 18 72 29 59 33 82 86 68 80 58 Regions Visited 15 Branch Regions 7 Pre-discovered Areas 2 | . . . 1 1 . . . . . . . . . . . Known Exits Taken 8 | . 1 . . . 1 1 . 1 . 1 . 1 1 1 . Unknown Exits Taken 4 | 1 . 1 1 1 . . . . . . . . . . . Scrap Searched 1 | . . 1 . . . . . . . . . . . . . Spaces Dug 12 | . . . . . . . . 3 . 8 . . . . 1 Terrain Destroyed 50 | . . . . . . . . 6 . 11 . 20 4 . 9 Melee . | . . . . . . . . . . . . . . . . Projectile 45 | . . . . . . . . 6 . 11 . 15 4 . 9 AOE 5 | . . . . . . . . . . . . 5 . . . Terrain Rammed . | . . . . . . . . . . . . . . . . Walls Destroyed . | . . . . . . . . . . . . . . . . Machines Disabled . | . . . . . . . . . . . . . . . . Actions | -11 -10 -10 -10 -9 -8 -7 -7 -7 -7 -6 -6 -6 -6 -6 -6 --------- Run | Scr Mat Min Exi Min Mat Fac Gar Fac Gar Fac Gar Ext Cet Arc Hub Total 10928 | 44 104 647 166 437 1425 750 774 835 634 1160 1732 1092 302 106 720 Wait 1428 | . . 49 26 32 185 158 52 58 60 104 235 266 104 28 71 Move 8203 | 39 100 562 140 360 1024 548 573 711 462 972 1205 718 162 69 558 Hop . | . . . . . . . . . . . . . . . . Pick Up 33 | . . 1 . . 3 4 2 3 2 1 11 2 1 2 1 Fast Attach 67 | 5 2 1 . 3 18 2 1 5 7 11 2 4 6 . . Attach 7 | . . . . . . . . . 1 . . . 1 1 4 Detach 2 | . . . . . 1 . . . 1 . . . . . . Swap 20 | . . . . . 3 3 . 2 . 1 2 5 3 . 1 Drop 82 | . 1 . . 2 17 5 3 8 8 11 12 4 8 2 1 Fire 589 | . 1 16 . 31 114 15 73 31 47 39 108 54 10 4 46 Melee 5 | . . . . . . . . . . . . . . . 5 Ram . | . . . . . . . . . . . . . . . . Kick . | . . . . . . . . . . . . . . . . Crush . | . . . . . . . . . . . . . . . . Escape Stasis 174 | . . . . . . . 33 . 13 13 94 13 . . 8 Rewire . | . . . . . . . . . . . . . . . . Trap . | . . . . . . . . . . . . . . . . Miscellaneous 318 | . . 18 . 9 60 15 37 17 33 8 63 26 7 . 25 Route ------- -11/Scrapyard -10/Materials -10/Mines (discovered 2 exits: [*Mat] / *Exi) -10/Exiles -9/Mines (discovered 2 exits: *Mat x2) -8/Materials (discovered 2 exits: *Fac x2) -7/Factory (discovered 2 exits: *Fac / Gar) -7/Garrison (discovered 3 exits: *Fac x3) -7/Factory (discovered 2 exits: *Low / Gar) -7/Garrison (discovered 2 exits: *Fac x2) -6/Factory (discovered 3 exits: *Fac / *Low / Gar) -6/Garrison (discovered 3 exits: *Ext x3) -6/Extension (discovered 3 exits: *Fac x2 / *Cet) -6/Cetus (discovered 2 exits: *Fac / *Arc) -6/Archives (discovered 3 exits: *Fac / *Hub x2) -6/Hub_04(d) (discovered 3 exits: *Fac x2 / Gar) History --------- Turn | Location | Event 1 | -11/Scrapyard | Upgraded with Propulsion slot (x1) 1 | -11/Scrapyard | Upgraded with Utility slot (x1) 1 | -11/Scrapyard | Upgraded with Weapon slot (x1) 11 | -11/Scrapyard | Discovered new exit (range 15) 41 | -11/Scrapyard | Entered Materials 96 | -10/Materials | Identified exit to Mines 138 | -10/Materials | Entered Mines 263 | -10/Mines | Learned 2 Materials zone layouts 300 | -10/Mines | Build established: Mutant 328 | -10/Mines | Discovered new exit (range 8) 338 | -10/Mines | Assisted by bots powering up and referring to "LRC-V3" 381 | -10/Mines | Found a damaged Exp. Sensor Array with a note attached 383 | -10/Mines | Found Prototype Device 383 | -10/Mines | Identified Exp. Sensor Array 390 | -10/Mines | Learned Materials terminal intel 595 | -10/Mines | Reached level 2 729 | -10/Mines | Deemed a non-threat by the Exiles lab entrance 729 | -10/Mines | Discovered new exit (range 5) 762 | -10/Mines | Entered Exiles 762 | -10/Exiles | Accompanied by 5 allies 789 | -10/Exiles | Met 8R-AWN 792 | -10/Exiles | Led the pair of lost Derelicts to a safe place 804 | -10/Exiles | Met EX-HEX 840 | -10/Exiles | Met EX-DEC 844 | -10/Exiles | Learned location of Zion (-6) 877 | -10/Exiles | Upgraded with Utility slot (x1) 884 | -10/Exiles | Discovered new exit (range 12) 915 | -10/Exiles | Entered Mines 915 | -9/Mines | Accompanied by 3 allies 951 | -9/Mines | Discovered new exit (range 15) 1017 | -9/Mines | Discovered new exit (range 8) 1136 | -9/Mines | Assembled infested the area 1141 | -9/Mines | Assisted by a Guerilla fighting off Assembled 1269 | -9/Mines | Met a Derelict who couldn't figure out how to use a Trap Extractor 1316 | -9/Mines | Reached level 3 1379 | -9/Mines | Entered Materials 1381 | -8/Materials | Loaded intel: 12 terminal locations 1381 | -8/Materials | Reached level 4 1542 | -8/Materials | Upgraded with Utility slot (x1) 1742 | -8/Materials | Reached level 5 2177 | -8/Materials | Reached level 6 2198 | -8/Materials | Destroyed 7 combat bots 2448 | -8/Materials | Discovered new exit (range 8) 2560 | -8/Materials | Upgraded with Weapon slot (x1) 2775 | -8/Materials | Reached level 7 2848 | -8/Materials | Build established: Gunner 2856 | -8/Materials | Discovered new exit (range 6) 2905 | -8/Materials | Identified exit to Factory 2905 | -8/Materials | Entered Factory 2907 | -7/Factory | Reached level 8 2915 | -7/Factory | Upgraded with Propulsion slot (x1) 3295 | -7/Factory | Allied Derelicts emerged from ambush trap array 3403 | -7/Factory | Fabricated Matter Filter? 3423 | -7/Factory | Discovered new exit (range 14) 3570 | -7/Factory | Garrison activated, responded to threat 3572 | -7/Factory | Reached level 9 3617 | -7/Factory | Identified exit to Garrison 3623 | -7/Factory | Entered Garrison 3623 | -7/Garrison | Accompanied by 3 allies 3634 | -7/Garrison | Triggered checkpoint 3662 | -7/Garrison | Triggered checkpoint 3664 | -7/Garrison | Reached level 10 3665 | -7/Garrison | Triggered checkpoint 3757 | -7/Garrison | Reached level 11 3787 | -7/Garrison | Garrison Relay disabled 3863 | -7/Garrison | Triggered checkpoint 3870 | -7/Garrison | Triggered checkpoint 3911 | -7/Garrison | Triggered checkpoint 4004 | -7/Garrison | Discovered new exit (range 8) 4075 | -7/Garrison | Discovered new exit (range 8) 4081 | -7/Garrison | Identified exit to Factory 4087 | -7/Garrison | Installed Relay Interface Framework 4104 | -7/Garrison | Triggered checkpoint 4111 | -7/Garrison | Reached level 12 4153 | -7/Garrison | Garrison Relay disabled 4242 | -7/Garrison | Discovered exit to Factory (range 12) 4274 | -7/Garrison | Triggered checkpoint 4336 | -7/Garrison | Garrison Relay disabled 4467 | -7/Garrison | Entered Factory 4725 | -7/Factory | Reached level 13 4747 | -7/Factory | Upgraded with Propulsion slot (x1) 5229 | -7/Factory | Discovered new exit (range 7) 5238 | -7/Factory | Identified exit to Lower Caves 5274 | -7/Factory | Identified exit to Garrison 5276 | -7/Factory | Entered Garrison 5326 | -7/Garrison | Triggered checkpoint 5336 | -7/Garrison | Reached level 14 5370 | -7/Garrison | Garrison Relay disabled 5420 | -7/Garrison | Triggered checkpoint 5580 | -7/Garrison | Upgraded with Utility slot (x1) 5597 | -7/Garrison | Discovered new exit (range 11) 5627 | -7/Garrison | Triggered checkpoint 5655 | -7/Garrison | Discovered new exit (range 12) 5661 | -7/Garrison | Identified exit to Factory 5665 | -7/Garrison | Expanded RIF knowledge: Robot Detection 5665 | -7/Garrison | Reached level 15 5694 | -7/Garrison | Triggered checkpoint 5727 | -7/Garrison | Triggered checkpoint 5756 | -7/Garrison | Garrison Relay disabled 5811 | -7/Garrison | Entered Factory 5813 | -6/Factory | Reached level 16 5873 | -6/Factory | Fabricated Enh. Gauss Cannon? 5880 | -6/Factory | Build established: Tank 5980 | -6/Factory | Upgraded with Utility slot (x1) 5988 | -6/Factory | Garrison activated, responded to threat 6093 | -6/Factory | Discovered new exit (range 13) 6098 | -6/Factory | Identified exit to Lower Caves 6304 | -6/Factory | Reached level 17 6373 | -6/Factory | Identified exit to Garrison 6397 | -6/Factory | Found Prototype Processor 6397 | -6/Factory | Identified Exp. Terrain Scan Processor 6427 | -6/Factory | Discovered new exit (range 4) 6428 | -6/Factory | Identified exit to Factory 6511 | -6/Factory | First assault squad dispatched 6531 | -6/Factory | Entered Garrison 6534 | -6/Garrison | Expanded RIF knowledge: Threat Obfuscation 6568 | -6/Garrison | Triggered checkpoint 6577 | -6/Garrison | Garrison Relay disabled 6645 | -6/Garrison | Build established: Gunner 6660 | -6/Garrison | Triggered checkpoint 6675 | -6/Garrison | Reached level 18 6756 | -6/Garrison | Triggered checkpoint 6776 | -6/Garrison | Garrison Relay disabled 6807 | -6/Garrison | Discovered new exit (range 12) 6886 | -6/Garrison | Triggered checkpoint 6935 | -6/Garrison | Spotted B-75 Beast 6935 | -6/Garrison | Spotted B-75 Beast 6948 | -6/Garrison | Triggered checkpoint 6971 | -6/Garrison | Triggered checkpoint 7036 | -6/Garrison | Garrison Relay disabled 7115 | -6/Garrison | Garrison Relay disabled 7128 | -6/Garrison | Discovered new exit (range 16) 7249 | -6/Garrison | Upgraded with Utility slot (x1) 7293 | -6/Garrison | Discovered new exit (range 12) 7298 | -6/Garrison | Identified exit to Extension 7438 | -6/Garrison | Triggered checkpoint 7448 | -6/Garrison | Garrison Relay disabled 7478 | -6/Garrison | Triggered checkpoint 7479 | -6/Garrison | Reached level 19 7555 | -6/Garrison | Destroyed B-75 Beast 7615 | -6/Garrison | Destroyed B-75 Beast 7787 | -6/Garrison | Entered Extension 7878 | -6/Extension | Rescued A7 7901 | -6/Extension | Rescued a captive Derelict 7903 | -6/Extension | Rescued a captive Derelict 7926 | -6/Extension | Rescued a captive Derelict 7927 | -6/Extension | Rescued a captive Derelict 8062 | -6/Extension | Disrupted transfer network 8137 | -6/Extension | First assault squad dispatched 8142 | -6/Extension | Upgraded with Utility slot (x1) 8266 | -6/Extension | Spotted B-75 Beast 8288 | -6/Extension | Spotted B-75 Beast 8291 | -6/Extension | Allies destroyed B-75 Beast 8296 | -6/Extension | Destroyed B-75 Beast 8319 | -6/Extension | Upgraded with Power slot (x1) 8331 | -6/Extension | Rescued a captive Derelict 8332 | -6/Extension | Rescued a captive Derelict 8351 | -6/Extension | Discovered exit to Factory (range 12) 8376 | -6/Extension | Reached level 20 8390 | -6/Extension | Central database locked down 8394 | -6/Extension | Rescued a captive Derelict 8409 | -6/Extension | Rescued a captive Derelict 8411 | -6/Extension | Rescued a captive Derelict 8427 | -6/Extension | Rescued a captive Derelict 8430 | -6/Extension | Rescued a captive Derelict 8435 | -6/Extension | Rescued a captive Derelict 8436 | -6/Extension | Rescued a captive Derelict 8447 | -6/Extension | Rescued a captive Derelict 8449 | -6/Extension | Rescued a captive Derelict 8472 | -6/Extension | Discovered exit to Factory (range 14) 8474 | -6/Extension | Discovered new exit (range 6) 8476 | -6/Extension | Identified exit to Cetus 8513 | -6/Extension | Build established: Scavenger-Scout 8591 | -6/Extension | Entered Cetus 8591 | -6/Cetus | Accompanied by 13 allies (A7) 8596 | -6/Cetus | Acquired a Cetus Manufacturing Module code from A7 8608 | -6/Cetus | Spotted Cetus Guard 8608 | -6/Cetus | Spotted Cetus Guard 8610 | -6/Cetus | Spotted Cetus Guard 8611 | -6/Cetus | Spotted Cetus Guard 8612 | -6/Cetus | Allies destroyed Cetus Guard 8615 | -6/Cetus | Allies destroyed Cetus Guard 8625 | -6/Cetus | Allies destroyed Cetus Guard 8629 | -6/Cetus | Allies destroyed Cetus Guard 8658 | -6/Cetus | Started Cetus Manufacturing Module 8662 | -6/Cetus | Escorted A7 to Cetus Mainframe 8677 | -6/Cetus | Discovered new exit (range 16) 8683 | -6/Cetus | Manufactured an Enhanced Grunt 8706 | -6/Cetus | Spotted Cetus Guard 8706 | -6/Cetus | Spotted Cetus Guard 8708 | -6/Cetus | Manufactured an Enhanced Grunt 8709 | -6/Cetus | Spotted Cetus Guard 8712 | -6/Cetus | Destroyed Cetus Guard 8714 | -6/Cetus | Spotted Cetus Guard 8715 | -6/Cetus | Destroyed Cetus Guard 8721 | -6/Cetus | Allies destroyed Cetus Guard 8725 | -6/Cetus | Discovered exit to Factory (range 17) 8729 | -6/Cetus | Allies destroyed Cetus Guard 8733 | -6/Cetus | Manufactured an Enhanced Grunt 8738 | -6/Cetus | Extracted ID and sensor layout for unrecognized location from A7's data core 8742 | -6/Cetus | Met Revision 17 8757 | -6/Cetus | Destroyed Revision 17 8758 | -6/Cetus | Manufactured an Enhanced Grunt 8781 | -6/Cetus | Identified exit to Archives 8783 | -6/Cetus | Manufactured an Enhanced Grunt 8789 | -6/Cetus | Destroyed 7 combat bots 8825 | -6/Cetus | Entered Archives 8825 | -6/Archives | Accompanied by 15 allies 8849 | -6/Archives | Unable to access archive contents 8850 | -6/Archives | Discovered new exit (range 16) 8856 | -6/Archives | Discovered new exit (range 16) 8860 | -6/Archives | Discovered exit to Factory (range 17) 8876 | -6/Archives | Identified exit to Hub_04(d) 8902 | -6/Archives | Entered Hub_04(d) 8902 | -6/Hub_04(d) | Accompanied by 13 allies 8904 | -6/Hub_04(d) | Reached level 21 8904 | -6/Hub_04(d) | Upgraded with Weapon slot (x1) 8932 | -6/Hub_04(d) | Discovered exit to Factory (range 16) 8963 | -6/Hub_04(d) | Identified exit to Garrison 9082 | -6/Hub_04(d) | Discovered exit to Factory (range 5) 9255 | -6/Hub_04(d) | Garrison activated, responded to threat 9343 | -6/Hub_04(d) | Network Hub disabled 9363 | -6/Hub_04(d) | Spotted Lightning 9368 | -6/Hub_04(d) | Spotted Lightning 9371 | -6/Hub_04(d) | Spotted Lightning 9373 | -6/Hub_04(d) | Garrison activated, responded to threat 9375 | -6/Hub_04(d) | Spotted Lightning 9375 | -6/Hub_04(d) | Spotted Lightning 9381 | -6/Hub_04(d) | Spotted Lightning 9392 | -6/Hub_04(d) | Core integrity fell below 50% 9406 | -6/Hub_04(d) | Destroyed Lightning 9408 | -6/Hub_04(d) | Destroyed Lightning 9412 | -6/Hub_04(d) | Core integrity fell below 20% 9421 | -6/Hub_04(d) | Lost 4 parts (4p) 9423 | -6/Hub_04(d) | Destroyed by Lightning with EMDS Last Messages --------------- 09386_ Mic. Fission Core lost to overload. 09386_ Lightning Prototype Device blown off. 09387_ EMDS Slug penetrates Enhanced Grunt. 09388_ Enhanced Grunt system terminally corrupted. 09388_ Protomatter-80 decays. 09388_ Penetrated by EMDS Slug. 09390_ Quantum Reactor lost to overload. 09390_ Lightning Quantum Reactor blown off. 09393_ Penetrated by EMDS Slug. 09406_ Lightning destroyed. 09406_ Penetrated by EMDS Slug. 09408_ Lightning suffers critical hit. 09408_ Prototype Device melted. 09408_ Lightning destroyed. 09410_ Penetrated by EMDS Slug. 09412_ Protomatter-86 decays. 09413_ Penetrated by EMDS Slug. 09418_ Destroyed Prototype Device. 09419_ 7S|& AONFXKAUHAQ2JV6Y RS=>V1/ZEBLLP%R 09420_ Penetrated by EMDS Slug. Map ----- +----------------------------------------------------+ | ??????????"""? ?# " # # ??????????????? | | ? ????????????????? # " # ####?#??#####??????? | | ????????????? ??????# # #?#?? ??? ???#?????? | | ???????????? ? ? ? # " + #?#???" ????#??????? | | ? ????????????? ??? #! " #### ##?#??????? ???????? | | ???#????????? ?????# " #?## #?##?"? ?? ?#?????? | | ???#???????? ?????? # #??# #?##? ???????#?????? | | #????????????#?#?############/##### ? ???????????? | | ?#??????????????#?###??# #??????????????? | | ??#???????? ???BB????##; = # ""??????#????? | | ??#?????????? ?BB?#?# ; *% # """"??#??????? | | #?????????? ??????### ; #?""???????????? | | ?###????k?!!! ######!;; ;? ?? ?t??????? | | /??????? !!RA %=[[ ; ? ????????u? | | ???????? !k! k k !!%[ ; ??????????? | | ##? #???w =##"""[%!; ; [[ ?? ???????? | | ##? ##?? k ? # ;; ; [!!???##?????? | | ?####### ? ? "? ? ;; ! ; [! ?? #??????? | | ?# k # ?" ;; %= ; ???????? | | ?# """ # " ? i" " ;;;;;;;;;;;;; ??##????#? | | ?# # ####?" ? " " ; ; //! ; ?#??##??? | | ## """ # #### # # !%*!; // ; ! ??#? ??? | | ## # ##############h=] ] /! ; ?# ?????? | | ## """ # R s ss h*!!; ;##""""?##? ???? | | ## # ##############hh!=% ### ???# ??? | | ##"" ##/#############;!@i!# ! "#######???????? | | ##"" # k = ### !=*# *"######???? ???" | | ##"" # [%[ ##;%! #""""#"#?#####??#????? | | ##T # " " "![% # #= ################# " | | ##"" # " " " [">" ### / ?? | | ##"" / " "=" ""G"" #T ##?## ??? | | ##"" # ![k! %! ### ##????###? | | ## #####+###########= #??#?#???# | | #####/#### #########%;###############????????? | | k t ###?# ! ############????#??#? | | k < #?### "" ##########??????????? | | # ## "" T" ########????????????? | | ########## ##### #####?#?###???###???? | | ##?##################################?#?#?#??????? | | | | | | | | | | | | | | | | | | | | | | | +----------------------------------------------------+ Best States ------------- Heat Dissipation 85 Energy Generation 37 Energy Capacity 1100 Matter Stores 300 Matter Capacity 300 Sight Range 17 Robot Scan Range 30 Terrain Scan Range 16 Terrain Scan Density 210 EM Shielding 2 Armor Coverage 225 Resistance: KI 20 Resistance: TH 20 Resistance: EM 25 Weapon Cycling 20 Evasion (%) 55 Targeting Accuracy 8 Energy Filtering 30 Particle Charging 20 Offensive Hacking 10 Defensive Hacking 5 Item Schematics ----------------- Cmb. Airjet | -6/Extension | Hacked Imp. Remote Datajack | -6/Extension | Hacked EM Shield | -6/Hub_04(d) | Hacked Adv. Hacking Suite | -6/Hub_04(d) | Hacked Robot Schematics ------------------ None Fabricated ------------ Matter Filter | x2 | -7/Factory | Preloaded Enh. Gauss Cannon | x2 | -6/Factory | Preloaded Alien Tech Used ----------------- None Achievements -------------- None Challenges ------------ None RPGLIKE | -11 -10 -10 -10 -9 -8 -7 -7 -7 -7 -6 -6 -6 -6 -6 -6 --------- Run | Scr Mat Min Exi Min Mat Fac Gar Fac Gar Fac Gar Ext Cet Arc Hub Levels Raised 20 | . . 1 . 1 4 2 3 1 2 2 2 1 . . 1 XP Earned 33846 | 3000 75 2024 200 1050 6095 2959 5153 1485 2336 3107 2714 1403 929 264 1052 XP Spent 31370 | 2975 . . 1405 . 6095 2805 230 3100 2730 2950 2180 5200 600 . 1100 Upgrades 72 | 11 . . 6 . 22 9 1 4 6 2 3 6 1 . 1 Power Slot 1 | . . . . . . . . . . . . 1 . . . Propulsion Slot 3 | 1 . . . . . 1 . 1 . . . . . . . Utility Slot 7 | 1 . . 1 . 1 . . . 1 1 1 1 . . . Weapon Slot 3 | 1 . . . . 1 . . . . . . . . . 1 Core Integrity 8 | 1 . . 1 . 1 1 . . 2 . 2 . . . . Heat Dissipation 10 | 1 . . 1 . 7 . 1 . . . . . . . . Energy Generation 1 | . . . . . . 1 . . . . . . . . . Mass Support 2 | 1 . . . . . . . . . . . . 1 . . Inventory Capacity 5 | 1 . . . . 2 . . 1 . 1 . . . . . Sight Range 1 | . . . 1 . . . . . . . . . . . . Sensor Range 13 | . . . . . 9 4 . . . . . . . . . Terrain Scan Density 2 | . . . . . . 1 . . 1 . . . . . . Ranged Accuracy 4 | 1 . . . . 1 . . 1 . . . 1 . . . Hack Attack % 2 | . . . 1 . . . . 1 . . . . . . . Hack Defense % 1 | . . . 1 . . . . . . . . . . . . KI Resistance % 4 | 2 . . . . . . . . 1 . . 1 . . . TH Resistance % 4 | 1 . . . . . 1 . . 1 . . 1 . . . TH Damage % 1 | . . . . . . . . . . . . 1 . . . Protomatter Created 2738 | . . 171 . 100 493 71 314 85 328 99 513 256 20 76 212 Integrity Restored 5959 | . . 317 . 169 1169 298 725 303 645 113 1209 428 130 . 453 Core 4109 | . . 241 . 116 806 238 502 142 442 92 887 240 58 . 345 Parts 1850 | . . 76 . 53 363 60 223 161 203 21 322 188 72 . 108 Protomatter Decayed 1362 | . . 30 . 65 149 36 146 31 4 59 89 318 . . 435 Game ------ Seed AngularCatalystKatana Manual? 0 Play Time 02:02:51 Cumulative 387.2 hours Start 2021.06.13 @ 08:54:25 End 2021.06.13 @ 10:57:27 Sessions 1 Manual Loads 0 Difficulty Rogue Special Mode Winter2019/RPGLIKE Game No. 150 Rogue 150 Adventurer 0 Explorer 0 Win Type - Total 27 Types 23/0/3/1/0/0/0/0/0 Lore% 83 Gallery% 88 Achievement% 74 Wizard Run 0 Options --------- ASCII 0 Keyboard 0 Movement Mouse Keybinds 0 Fullscreen 2 Font 12/Smallcaps Map View 83x54 Tactical HUD 1 Map Filters NONE Filters NONE Steam X RUN: a1bfe942-973b-40d2-abea-787f2455c595